Rock Island Raccoons vs Orlando Solar Bears
Created - Monday, June 19, 2023 at 07:02
Goals
|
| Rock Island Raccoons |
1 |
1 |
1 |
0 |
3 |
| Orlando Solar Bears |
2 |
0 |
1 |
1 |
4 |
|
Shots
|
| Rock Island Raccoons |
6 |
11 |
14 |
0 |
31 |
| Orlando Solar Bears |
17 |
13 |
10 |
4 |
44 |
|
1st period
1. Rock Island Raccoons , Andrew Ladd 14 (Brian Boyle 23) at 7:44
2. Orlando Solar Bears , Philip Tomasino 24 (Max Gildon 12) at 10:19
3. Orlando Solar Bears , Valtteri Puustinen 9 (Morgan Frost 47) at 16:00 (PP)
Penalties :
Sam Carrick (RIR) for Interference (Minor) at 15:24, Filip Chytil (RIR) for Hooking (Minor) at 16:46, Max Gildon (OSB) for Roughing (Minor) at 17:25
2nd period
4. Rock Island Raccoons , Carl Hagelin 42 (Drake Caggiula 31, Filip Chytil 34) at 9:37 (PP)
Penalties :
Greg McKegg (RIR) for Hooking (Minor) at 0:41, Victor Soderstrom (OSB) for Hooking (Minor) at 8:00, Carl Hagelin (RIR) for High sticking (Minor) at 10:06
3rd period
5. Orlando Solar Bears , John Leonard 30 (Jordan Martinook 63, Jason Dickinson 71) at 0:40
6. Rock Island Raccoons , Luke Glendening 39 (Alex Barre-Boulet 20, Andy Greene 33) at 16:01 (PP)
Penalties :
Ryan Lindgren (RIR) for Tripping (Minor) at 9:08, Valtteri Puustinen (OSB) for Fighting (Major) at 12:04, Mathieu Perreault (RIR) for Fighting (Major) at 12:04, Jarred Tinordi (OSB) for Boarding (Minor) at 15:42, Logan Stanley (RIR) for Roughing (Minor) at 17:37
Overtime #1
7. Orlando Solar Bears , Philip Tomasino 25 (Jordan Martinook 64, Victor Soderstrom 29) at 2:17
Penalties :
No Penalty
Goalie Stats
Braden Holtby (RIR), 40 saves from 44 shots - (0.909), OTL, 41-17-3, 62:17 minutes
Felix Sandstrom (OSB), 28 saves from 31 shots - (0.903), W, 17-12-4, 62:17 minutes
Players Stats for Rock Island Raccoons
Player Name G A P +/- PIM S H SB GA TA FO MP PP MP PK MP
------------------------------------------------------------------------------------
Alex Barre-Boulet 0 1 1 0 0 2 0 0 0 0 2/4 4:24 0:37 0:00
Andrew Ladd 1 0 1 1 0 2 4 0 1 0 0/0 19:19 0:00 4:43
Andy Greene 0 1 1 -3 0 3 1 3 0 1 0/0 27:40 1:21 4:42
Brendan Smith 0 0 0 -2 0 0 2 4 0 0 2/2 21:24 1:23 4:36
Brian Boyle 0 1 1 1 0 1 4 0 0 0 6/12 14:16 0:00 1:06
Carl Hagelin 1 0 1 0 2 6 2 0 0 0 3/10 20:09 1:06 3:45
Drake Caggiula 0 1 1 0 0 3 1 1 1 0 1/2 15:37 1:24 0:16
Dryden Hunt 0 0 0 0 0 0 0 0 0 0 1/1 1:03 0:00 0:00
Filip Chytil 0 1 1 0 2 0 1 0 2 0 6/10 15:20 1:24 0:00
Greg McKegg 0 0 0 1 2 1 0 1 0 0 0/0 13:11 0:00 0:00
Gustav Lindstrom 0 0 0 1 0 0 1 3 0 1 0/0 17:04 1:02 1:48
Jake Walman 0 0 0 0 0 0 0 2 0 0 0/0 12:08 0:00 0:00
Logan Stanley 0 0 0 1 2 0 2 3 0 0 0/0 22:00 1:14 3:38
Luke Glendening 1 0 1 -3 0 6 0 2 3 0 10/29 26:17 1:11 4:12
Mathieu Perreault 0 0 0 -3 5 3 1 0 1 0 1/2 19:32 0:52 4:20
Nate Thompson 0 0 0 0 0 0 1 0 0 0 0/0 6:41 0:00 0:00
Ryan Lindgren 0 0 0 -3 2 2 3 2 0 0 0/0 26:21 1:21 3:38
Sam Carrick 0 0 0 0 2 2 1 0 0 0 3/3 16:04 0:00 0:00
Players Stats for Orlando Solar Bears
Player Name G A P +/- PIM S H SB GA TA FO MP PP MP PK MP
------------------------------------------------------------------------------------
Adam Beckman 0 0 0 0 0 1 0 0 0 0 1/1 16:39 3:55 0:00
Alex Turcotte 0 0 0 0 0 5 0 1 0 0 2/5 8:58 0:00 0:14
Donovan Sebrango 0 0 0 0 0 1 2 0 0 2 0/0 19:12 0:00 1:40
Emilio Pettersen 0 0 0 0 0 1 0 0 0 0 0/1 8:08 0:00 0:00
Isaak Phillips 0 0 0 1 0 3 1 1 0 0 0/0 21:37 4:21 0:46
Jamieson Rees 0 0 0 0 0 3 0 0 0 0 0/0 9:05 0:00 0:00
Jarred Tinordi 0 0 0 1 2 4 4 1 0 0 0/0 25:13 4:50 1:49
Jason Dickinson 0 1 1 0 0 7 3 0 1 1 20/39 24:02 5:16 1:48
Jett Woo 0 0 0 1 0 1 1 0 0 0 0/0 14:05 0:00 0:00
John Leonard 1 0 1 0 0 2 1 1 0 0 0/0 20:09 5:16 0:14
Jordan Martinook 0 2 2 1 0 1 5 1 0 0 0/0 21:06 5:16 0:33
Linus Weissbach 0 0 0 1 0 1 2 1 0 1 0/0 11:49 0:00 0:00
Martin Pospisil 0 0 0 1 0 0 0 0 0 2 0/0 11:04 0:00 0:00
Max Gildon 0 1 1 0 2 0 1 2 0 0 0/0 20:07 4:20 0:00
Morgan Frost 0 1 1 0 0 6 2 2 1 2 12/16 21:02 3:55 1:48
Philip Tomasino 2 0 2 2 0 4 1 0 0 0 5/13 12:30 0:00 0:33
Valtteri Puustinen 1 0 1 0 5 3 2 0 0 0 0/0 15:50 3:55 0:00
Victor Soderstrom 0 1 1 1 2 1 1 1 0 0 0/0 24:33 4:50 0:55
3 Stars
1 - Philip Tomasino (OSB)
2 - Jordan Martinook (OSB)
3 - Andrew Ladd (RIR)
Power Play
Rock Island Raccoons - 2 on 3 Attempt(s) - 66.67%
Orlando Solar Bears - 1 on 6 Attempt(s) - 16.67%
Penalty Kill
Rock Island Raccoons - 5 on 6 Attempt(s) - 83.33%
- Score 0 goal in Penalty Kill
Orlando Solar Bears - 1 on 3 Attempt(s) - 33.33%
- Score 0 goal in Penalty Kill
Team Stat
Rock Island Raccoons - Hits : 24 - Faceoff Wins : 35 - Blocked Shots : 21 - Penalty Minutes : 17
Orlando Solar Bears - Hits : 26 - Faceoff Wins : 40 - Blocked Shots : 11 - Penalty Minutes : 11
Official
Referees : Trevor Hanson and Jon Mclsaac
Linesman : Matt MacPherson and Brandon Gawryletz
Game Notes
Valtteri Puustinen and Mathieu Perreault fight to a draw at 12:04 of 3rd period
Rock Island Raccoons
5 vs 5 Forward
Center Left Wing Right Wing Time % Phy DF OF
1 Luke Glendening Mathieu Perreault Brendan Smith 30 1 2 2
2 Filip Chytil Carl Hagelin Drake Caggiula 30 1 2 2
3 Brian Boyle Andrew Ladd Greg McKegg 25 1 2 2
4 Sam Carrick Nate Thompson Luke Glendening 15 1 2 2
5 vs 5 Defense
Defense Defense Time % Phy DF OF
1 Andy Greene Ryan Lindgren 30 1 2 2
2 Logan Stanley Gustav Lindstrom 30 1 2 2
3 Jake Walman Sam Carrick 25 1 2 2
4 Andy Greene Ryan Lindgren 15 1 2 2
PowerPlay Forward
Center Left Wing Right Wing Time % Phy DF OF
1 Luke Glendening Mathieu Perreault Brendan Smith 50 1 2 2
2 Filip Chytil Carl Hagelin Drake Caggiula 50 1 2 2
PowerPlay Defense
Defense Defense Time % Phy DF OF
1 Andy Greene Ryan Lindgren 50 1 2 2
2 Logan Stanley Gustav Lindstrom 50 1 2 2
Penalty Kill 4 Players Forward
Center Wing Time % Phy DF OF
1 Luke Glendening Mathieu Perreault 50 1 2 2
2 Carl Hagelin Andrew Ladd 50 1 2 2
Penalty Kill 4 Players Defense
Defense Defense Time % Phy DF OF
1 Andy Greene Ryan Lindgren 50 1 2 2
2 Logan Stanley Brendan Smith 50 1 2 2
Penalty Kill - 3 Players Forward
Forward Time % Phy DF OF
1 Luke Glendening 50 1 2 2
2 Mathieu Perreault 50 1 2 2
Penalty Kill - 3 Players Defense
Defense Defense Time % Phy DF OF
1 Andy Greene Ryan Lindgren 50 1 2 2
2 Logan Stanley Brendan Smith 50 1 2 2
4 vs 4 Forward
Center Wing Time % Phy DF OF
1 Luke Glendening Mathieu Perreault 50 1 2 2
2 Carl Hagelin Andrew Ladd 50 1 2 2
4 vs 4 Defense
Defense Defense Time % Phy DF OF
1 Andy Greene Ryan Lindgren 50 1 2 2
2 Logan Stanley Brendan Smith 50 1 2 2
Last Minutes Offensive
Center Left Wing Right Wing Defense Defense
Luke Glendening Mathieu Perreault Brendan Smith Andy Greene Ryan Lindgren
Last Minutes Defensive
Center Left Wing Right Wing Defense Defense
Luke Glendening Mathieu Perreault Brendan Smith Andy Greene Ryan Lindgren
Goaltenders
Starting : Braden Holtby
Backup : Mikko Koskinen
Extra Forwards
Normal : Alex Barre-Boulet, Dryden Hunt, Brian Boyle - PP : Alex Barre-Boulet, Dryden Hunt - PK : Brian Boyle
Extra Defensemen
Normal : Jake Walman, Gustav Lindstrom, Logan Stanley - PP : Jake Walman - PK : Gustav Lindstrom, Logan Stanley
Penalty Shots
Luke Glendening, Mathieu Perreault, Carl Hagelin, Brendan Smith, Andrew Ladd
Orlando Solar Bears
5 vs 5 Forward
Center Left Wing Right Wing Time % Phy DF OF
1 Jason Dickinson Jordan Martinook John Leonard 32 1 2 2
2 Morgan Frost Adam Beckman Valtteri Puustinen 27 1 2 2
3 Philip Tomasino Linus Weissbach Martin Pospisil 23 1 2 2
4 Alex Turcotte Emilio Pettersen Jamieson Rees 18 1 2 2
5 vs 5 Defense
Defense Defense Time % Phy DF OF
1 Victor Soderstrom Jarred Tinordi 35 1 2 2
2 Isaak Phillips Jett Woo 33 1 2 2
3 Max Gildon Donovan Sebrango 32 1 2 2
4 Victor Soderstrom Jarred Tinordi 0 1 2 2
PowerPlay Forward
Center Left Wing Right Wing Time % Phy DF OF
1 Jason Dickinson Jordan Martinook John Leonard 60 1 2 2
2 Morgan Frost Adam Beckman Valtteri Puustinen 40 1 2 2
PowerPlay Defense
Defense Defense Time % Phy DF OF
1 Victor Soderstrom Jarred Tinordi 60 1 2 2
2 Isaak Phillips Max Gildon 40 1 2 2
Penalty Kill 4 Players Forward
Center Wing Time % Phy DF OF
1 Jason Dickinson Morgan Frost 60 1 2 2
2 Philip Tomasino Jordan Martinook 40 1 2 2
Penalty Kill 4 Players Defense
Defense Defense Time % Phy DF OF
1 Victor Soderstrom Jarred Tinordi 60 1 2 2
2 Isaak Phillips Donovan Sebrango 40 1 2 2
Penalty Kill - 3 Players Forward
Forward Time % Phy DF OF
1 Jason Dickinson 60 1 2 2
2 Morgan Frost 40 1 2 2
Penalty Kill - 3 Players Defense
Defense Defense Time % Phy DF OF
1 Victor Soderstrom Jarred Tinordi 60 1 2 2
2 Isaak Phillips Max Gildon 40 1 2 2
4 vs 4 Forward
Center Wing Time % Phy DF OF
1 Jason Dickinson Morgan Frost 60 1 2 2
2 Philip Tomasino Jordan Martinook 40 1 2 2
4 vs 4 Defense
Defense Defense Time % Phy DF OF
1 Victor Soderstrom Jarred Tinordi 60 1 2 2
2 Isaak Phillips Donovan Sebrango 40 1 2 2
Last Minutes Offensive
Center Left Wing Right Wing Defense Defense
Jason Dickinson Jordan Martinook John Leonard Victor Soderstrom Jarred Tinordi
Last Minutes Defensive
Center Left Wing Right Wing Defense Defense
Jason Dickinson Jordan Martinook John Leonard Victor Soderstrom Jarred Tinordi
Goaltenders
Starting : Felix Sandstrom
Backup : Filip Gustavsson
Extra Forwards
Normal : Jamieson Rees, Linus Weissbach, Alex Turcotte - PP : Jamieson Rees, Linus Weissbach - PK : Alex Turcotte
Extra Defensemen
Normal : Max Gildon, Donovan Sebrango, Isaak Phillips - PP : Max Gildon - PK : Donovan Sebrango, Isaak Phillips
Penalty Shots
Jason Dickinson, Morgan Frost, Philip Tomasino, Jordan Martinook, John Leonard
% Time on Ice - Rock Island Raccoons
Lines # - Real PCT - Wanted PCT - Time Play
Normal Forward
1 - 28% - 30% - 13:02
2 - 30% - 30% - 14:03
3 - 28% - 25% - 13:08
4 - 14% - 15% - 6:41
Normal Defense
1 - 30% - 30% - 13:58
2 - 32% - 30% - 15:07
3 - 26% - 25% - 12:08
4 - 12% - 15% - 5:41
PP Forward
1 - 46% - 50% - 1:11
2 - 54% - 50% - 1:24
PP Defense
1 - 52% - 50% - 1:21
2 - 48% - 50% - 1:14
PK Forward
1 - 49% - 50% - 4:28
2 - 51% - 50% - 4:43
PK Defense
1 - 49% - 50% - 4:31
2 - 51% - 50% - 4:40
PK3 Forward
1 - 0% - 50%
2 - 0% - 50%
PK3 Defense
1 - 0% - 50%
2 - 0% - 50%
44 Forward
1 - 55% - 50% - 2:00
2 - 45% - 50% - 1:37
44 Defense
1 - 44% - 50% - 1:35
2 - 56% - 50% - 2:02
Last Minute Offensive - 0:00
Last Minute Defensive - 0:00
Total
Forward - 62:17
Defense - 62:17
|
% Time on Ice - Orlando Solar Bears
Lines # - Real PCT - Wanted PCT - Time Play
Normal Forward
1 - 32% - 32% - 15:00
2 - 27% - 27% - 12:43
3 - 24% - 23% - 11:03
4 - 17% - 18% - 8:08
Normal Defense
1 - 35% - 35% - 16:29
2 - 34% - 33% - 15:47
3 - 31% - 32% - 14:38
4 - 0% - 0% - 0:00
PP Forward
1 - 57% - 60% - 5:16
2 - 43% - 40% - 3:55
PP Defense
1 - 53% - 60% - 4:50
2 - 47% - 40% - 4:21
PK Forward
1 - 79% - 60% - 2:02
2 - 21% - 40% - 0:33
PK Defense
1 - 83% - 60% - 2:08
2 - 17% - 40% - 0:27
PK3 Forward
1 - 0% - 60%
2 - 0% - 40%
PK3 Defense
1 - 0% - 60%
2 - 0% - 40%
44 Forward
1 - 75% - 60% - 2:43
2 - 25% - 40% - 0:54
44 Defense
1 - 58% - 60% - 2:06
2 - 42% - 40% - 1:31
Last Minute Offensive - 0:00
Last Minute Defensive - 0:00
Total
Forward - 62:17
Defense - 62:17
|
Play-by-Play
1st period
0:01 of 1st period - Luke Glendening wins face-off versus Jason Dickinson in neutral zone.
0:26 of 1st period - Valtteri Puustinen is hit by Carl Hagelin and loses puck.
0:55 of 1st period - Slapshot by Alex Turcotte.
0:55 of 1st period - Stopped by Braden Holtby with a rebound.
0:57 of 1st period - Slapshot by Jamieson Rees.
0:57 of 1st period - Stopped by Braden Holtby with a rebound.
1:13 of 1st period - Wrist shot by Sam Carrick.
1:13 of 1st period - Stopped by Felix Sandstrom without a rebound.
1:14 of 1st period - Carl Hagelin wins face-off versus Jason Dickinson in Orlando Solar Bears zone.
1:39 of 1st period - Adam Beckman is hit by Logan Stanley.
2:05 of 1st period - Backhand shot by Brian Boyle.
2:05 of 1st period - Shot Misses the Net.
2:07 of 1st period - Slapshot by Logan Stanley.
2:07 of 1st period - Shot Misses the Net.
2:09 of 1st period - Snap shot by Greg McKegg.
2:09 of 1st period - Deflect By Brian Boyle.
2:09 of 1st period - Shot Blocked by Victor Soderstrom.
2:09 of 1st period - Puck is out of play.
2:10 of 1st period - Drake Caggiula wins face-off versus Emilio Pettersen in Orlando Solar Bears zone.
2:13 of 1st period - Snap shot by Drake Caggiula.
2:13 of 1st period - Shot Misses the Net.
3:18 of 1st period - Drake Caggiula is hit by Linus Weissbach and loses puck.
3:39 of 1st period - Icing by Andy Greene.
3:40 of 1st period - Alex Turcotte wins face-off versus Luke Glendening in Rock Island Raccoons zone.
3:43 of 1st period - Slapshot by Alex Turcotte.
3:43 of 1st period - Stopped by Braden Holtby with a rebound.
3:45 of 1st period - Slapshot by Jarred Tinordi.
3:45 of 1st period - Shot Misses the Net.
3:47 of 1st period - Slapshot by Victor Soderstrom.
3:47 of 1st period - Shot Blocked by Luke Glendening.
3:49 of 1st period - Snap shot by Alex Turcotte.
3:49 of 1st period - Stopped by Braden Holtby without a rebound.
3:50 of 1st period - Brian Boyle wins face-off versus Jason Dickinson in Rock Island Raccoons zone.
3:59 of 1st period - Snap shot by Andrew Ladd.
3:59 of 1st period - Shot Misses the Net.
4:19 of 1st period - Snap shot by Drake Caggiula.
4:19 of 1st period - Deflect By Filip Chytil.
4:19 of 1st period - Shot Misses the Net.
4:19 of 1st period - Puck is out of play.
4:20 of 1st period - Sam Carrick wins face-off versus Morgan Frost in Orlando Solar Bears zone.
4:40 of 1st period - Slapshot by Valtteri Puustinen.
4:40 of 1st period - Deflect By Morgan Frost.
4:40 of 1st period - Stopped by Braden Holtby without a rebound.
4:41 of 1st period - Philip Tomasino wins face-off versus Drake Caggiula in Rock Island Raccoons zone.
4:44 of 1st period - Snap shot by Philip Tomasino.
4:44 of 1st period - Shot Blocked by Drake Caggiula.
4:46 of 1st period - Slapshot by Linus Weissbach.
4:46 of 1st period - Stopped by Braden Holtby with a rebound.
4:48 of 1st period - Wrist shot by Jarred Tinordi.
4:48 of 1st period - Stopped by Braden Holtby without a rebound.
4:49 of 1st period - Filip Chytil wins face-off versus Philip Tomasino in Rock Island Raccoons zone.
6:31 of 1st period - Backhand shot by Sam Carrick.
6:31 of 1st period - Shot Misses the Net.
6:55 of 1st period - Snap shot by Mathieu Perreault.
6:55 of 1st period - Stopped by Felix Sandstrom with a rebound.
7:00 of 1st period - Off-side.
7:01 of 1st period - Filip Chytil wins face-off versus Alex Turcotte in neutral zone.
7:42 of 1st period - Icing by Max Gildon.
7:43 of 1st period - Brian Boyle wins face-off versus Jason Dickinson in Orlando Solar Bears zone.
7:44 of 1st period - Wrist shot by Andrew Ladd.
7:44 of 1st period - Goal by Andrew Ladd - Rock Island Raccoons : 1 - Orlando Solar Bears : 0.
7:45 of 1st period - Sam Carrick wins face-off versus Philip Tomasino in neutral zone.
8:21 of 1st period - Icing by Gustav Lindstrom.
8:22 of 1st period - Morgan Frost wins face-off versus Brian Boyle in Rock Island Raccoons zone.
8:23 of 1st period - Snap shot by Valtteri Puustinen.
8:23 of 1st period - Stopped by Braden Holtby with a rebound.
8:58 of 1st period - Snap shot by Luke Glendening.
8:58 of 1st period - Stopped by Felix Sandstrom with a rebound.
9:00 of 1st period - Snap shot by Brendan Smith.
9:00 of 1st period - Shot Blocked by John Leonard.
9:30 of 1st period - Jamieson Rees is hit by Nate Thompson and loses puck.
10:19 of 1st period - Snap shot by Philip Tomasino.
10:19 of 1st period - Goal by Philip Tomasino - Rock Island Raccoons : 1 - Orlando Solar Bears : 1.
10:20 of 1st period - Brendan Smith wins face-off versus Jason Dickinson in neutral zone.
10:35 of 1st period - Snap shot by Jordan Martinook.
10:35 of 1st period - Shot Misses the Net.
10:45 of 1st period - Isaak Phillips is hit by Ryan Lindgren and loses puck.
10:56 of 1st period - Wrist shot by Drake Caggiula.
10:56 of 1st period - Stopped by Felix Sandstrom with a rebound.
11:38 of 1st period - Snap shot by Sam Carrick.
11:38 of 1st period - Stopped by Felix Sandstrom with a rebound.
11:58 of 1st period - Wrist shot by Jordan Martinook.
11:58 of 1st period - Shot Misses the Net.
12:04 of 1st period - Jarred Tinordi is hit by Drake Caggiula and loses puck.
12:43 of 1st period - Wrist shot by Brian Boyle.
12:43 of 1st period - Shot Blocked by Max Gildon.
13:18 of 1st period - Greg McKegg is hit by Jett Woo and loses puck.
13:31 of 1st period - Carl Hagelin is hit by Linus Weissbach and loses puck.
14:13 of 1st period - Max Gildon is hit by Brian Boyle and loses puck.
14:56 of 1st period - Snap shot by Linus Weissbach.
14:56 of 1st period - Shot Blocked by Andy Greene.
14:58 of 1st period - Slapshot by Donovan Sebrango.
14:58 of 1st period - Shot Blocked by Ryan Lindgren.
15:00 of 1st period - Snap shot by Philip Tomasino.
15:00 of 1st period - Shot Misses the Net.
15:02 of 1st period - Slapshot by Philip Tomasino.
15:02 of 1st period - Deflect By Martin Pospisil.
15:02 of 1st period - Shot Misses the Net.
15:02 of 1st period - Puck is out of play.
15:03 of 1st period - Jason Dickinson wins face-off versus Luke Glendening in Rock Island Raccoons zone.
15:08 of 1st period - Snap shot by Jason Dickinson.
15:08 of 1st period - Shot Misses the Net.
15:10 of 1st period - Wrist shot by Jason Dickinson.
15:10 of 1st period - Shot Misses the Net.
15:12 of 1st period - Snap shot by Isaak Phillips.
15:12 of 1st period - Shot Misses the Net.
15:14 of 1st period - Slapshot by Jett Woo.
15:14 of 1st period - Stopped by Braden Holtby with a rebound.
15:16 of 1st period - Slapshot by Isaak Phillips.
15:16 of 1st period - Shot Blocked by Brendan Smith.
15:18 of 1st period - Slapshot by Isaak Phillips.
15:18 of 1st period - Stopped by Braden Holtby with a rebound.
15:24 of 1st period - Minor Penalty to Sam Carrick for Interference.
15:25 of 1st period - Jason Dickinson wins face-off versus Carl Hagelin in Rock Island Raccoons zone.
15:42 of 1st period - Luke Glendening is hit by Jarred Tinordi and loses puck.
15:53 of 1st period - Wrist shot by Luke Glendening.
15:53 of 1st period - Shot Misses the Net.
16:00 of 1st period - Wrist shot by Valtteri Puustinen.
16:00 of 1st period - Goal by Valtteri Puustinen - Rock Island Raccoons : 1 - Orlando Solar Bears : 2.
16:01 of 1st period - Luke Glendening wins face-off versus Jason Dickinson in neutral zone.
16:27 of 1st period - Carl Hagelin is hit by Victor Soderstrom and loses puck.
16:46 of 1st period - Minor Penalty to Filip Chytil for Hooking.
16:47 of 1st period - Jason Dickinson wins face-off versus Luke Glendening in Rock Island Raccoons zone.
17:10 of 1st period - Victor Soderstrom is hit by Andrew Ladd and loses puck.
17:25 of 1st period - Minor Penalty to Max Gildon for Roughing.
17:26 of 1st period - Jason Dickinson wins face-off versus Luke Glendening in Orlando Solar Bears zone.
17:32 of 1st period - Slapshot by Jason Dickinson.
17:32 of 1st period - Shot Misses the Net.
17:34 of 1st period - Slapshot by Morgan Frost.
17:34 of 1st period - Stopped by Braden Holtby without a rebound.
17:35 of 1st period - Jason Dickinson wins face-off versus Luke Glendening in Rock Island Raccoons zone.
17:44 of 1st period - Wrist shot by Morgan Frost.
17:44 of 1st period - Shot Blocked by Andy Greene.
17:46 of 1st period - Slapshot by Victor Soderstrom.
17:46 of 1st period - Stopped by Braden Holtby with a rebound.
17:48 of 1st period - Snap shot by Morgan Frost.
17:48 of 1st period - Deflect By Mathieu Perreault.
17:48 of 1st period - Stopped by Braden Holtby with a rebound.
17:50 of 1st period - Wrist shot by Victor Soderstrom.
17:50 of 1st period - Shot Blocked by Ryan Lindgren.
18:00 of 1st period - Snap shot by Morgan Frost.
18:00 of 1st period - Stopped by Braden Holtby with a rebound.
18:08 of 1st period - Wrist shot by Jason Dickinson.
18:08 of 1st period - Shot Hit the Post.
18:10 of 1st period - Slapshot by Jarred Tinordi.
18:10 of 1st period - Stopped by Braden Holtby without a rebound.
18:11 of 1st period - Jason Dickinson wins face-off versus Carl Hagelin in Rock Island Raccoons zone.
18:46 of 1st period - Penalty to Filip Chytil is over, Filip Chytil is back on ice.
18:53 of 1st period - Jarred Tinordi is hit by Carl Hagelin and loses puck.
19:25 of 1st period - Penalty to Max Gildon is over, Max Gildon is back on ice.
Goals for this period are 1 for Rock Island Raccoons vs 2 for Orlando Solar Bears.
Shots for this period are 6 for Rock Island Raccoons vs 17 for Orlando Solar Bears.
2nd period
0:01 of 2nd period - Jason Dickinson wins face-off versus Luke Glendening in neutral zone.
0:16 of 2nd period - Wrist shot by Luke Glendening.
0:16 of 2nd period - Shot Misses the Net.
0:33 of 2nd period - Snap shot by Morgan Frost.
0:33 of 2nd period - Stopped by Braden Holtby without a rebound.
0:34 of 2nd period - Morgan Frost wins face-off versus Brian Boyle in Rock Island Raccoons zone.
0:39 of 2nd period - Slapshot by Morgan Frost.
0:39 of 2nd period - Shot Hit the Post.
0:41 of 2nd period - Minor Penalty to Greg McKegg for Hooking.
0:42 of 2nd period - Jason Dickinson wins face-off versus Luke Glendening in Rock Island Raccoons zone.
0:57 of 2nd period - Andy Greene is hit by Jordan Martinook and loses puck.
2:41 of 2nd period - Penalty to Greg McKegg is over, Greg McKegg is back on ice.
2:58 of 2nd period - Snap shot by Nate Thompson.
2:58 of 2nd period - Shot Misses the Net.
3:00 of 2nd period - Slapshot by Brendan Smith.
3:00 of 2nd period - Shot Misses the Net.
5:15 of 2nd period - Snap shot by Andrew Ladd.
5:15 of 2nd period - Stopped by Felix Sandstrom without a rebound.
5:16 of 2nd period - Jason Dickinson wins face-off versus Filip Chytil in Orlando Solar Bears zone.
5:21 of 2nd period - Drake Caggiula is hit by Jason Dickinson and loses puck.
5:50 of 2nd period - Jordan Martinook is hit by Brendan Smith.
5:54 of 2nd period - Andy Greene is hit by Jason Dickinson and loses puck.
6:27 of 2nd period - Snap shot by Jordan Martinook.
6:27 of 2nd period - Shot Misses the Net.
6:29 of 2nd period - Wrist shot by Jarred Tinordi.
6:29 of 2nd period - Deflect By Jordan Martinook.
6:29 of 2nd period - Shot Blocked by Gustav Lindstrom.
6:29 of 2nd period - Puck is out of play.
6:30 of 2nd period - Morgan Frost wins face-off versus Luke Glendening in Rock Island Raccoons zone.
6:55 of 2nd period - Philip Tomasino is hit by Ryan Lindgren and loses puck.
7:00 of 2nd period - Wrist shot by Filip Chytil.
7:00 of 2nd period - Deflect By Carl Hagelin.
7:00 of 2nd period - Shot Misses the Net.
7:00 of 2nd period - Puck is out of play.
7:01 of 2nd period - Filip Chytil wins face-off versus Philip Tomasino in Orlando Solar Bears zone.
7:04 of 2nd period - Snap shot by Carl Hagelin.
7:04 of 2nd period - Stopped by Felix Sandstrom with a rebound.
7:07 of 2nd period - Icing by Isaak Phillips.
7:08 of 2nd period - Brendan Smith wins face-off versus Philip Tomasino in Orlando Solar Bears zone.
7:15 of 2nd period - Snap shot by Philip Tomasino.
7:15 of 2nd period - Shot Misses the Net.
7:17 of 2nd period - Snap shot by Linus Weissbach.
7:17 of 2nd period - Shot Blocked by Luke Glendening.
7:19 of 2nd period - Snap shot by Philip Tomasino.
7:19 of 2nd period - Stopped by Braden Holtby without a rebound.
7:20 of 2nd period - Morgan Frost wins face-off versus Mathieu Perreault in Rock Island Raccoons zone.
7:29 of 2nd period - Snap shot by Mathieu Perreault.
7:29 of 2nd period - Stopped by Felix Sandstrom with a rebound.
7:45 of 2nd period - Filip Chytil is hit by Jordan Martinook and loses puck.
7:54 of 2nd period - Slapshot by Carl Hagelin.
7:54 of 2nd period - Stopped by Felix Sandstrom with a rebound.
8:00 of 2nd period - Minor Penalty to Victor Soderstrom for Hooking.
8:01 of 2nd period - Luke Glendening wins face-off versus Jason Dickinson in Orlando Solar Bears zone.
8:36 of 2nd period - Backhand shot by Carl Hagelin.
8:36 of 2nd period - Stopped by Felix Sandstrom with a rebound.
8:48 of 2nd period - Backhand shot by Morgan Frost.
8:48 of 2nd period - Shot Misses the Net.
8:50 of 2nd period - Snap shot by Philip Tomasino.
8:50 of 2nd period - Shot Blocked by Brendan Smith.
8:52 of 2nd period - Slapshot by Donovan Sebrango.
8:52 of 2nd period - Shot Blocked by Brendan Smith.
8:54 of 2nd period - Snap shot by Donovan Sebrango.
8:54 of 2nd period - Deflect By Jordan Martinook.
8:54 of 2nd period - Shot Misses the Net.
8:54 of 2nd period - Puck is out of play.
8:55 of 2nd period - Philip Tomasino wins face-off versus Luke Glendening in Rock Island Raccoons zone.
9:13 of 2nd period - Off-side.
9:14 of 2nd period - Filip Chytil wins face-off versus Jason Dickinson in neutral zone.
9:37 of 2nd period - Wrist shot by Carl Hagelin.
9:37 of 2nd period - Goal by Carl Hagelin - Rock Island Raccoons : 2 - Orlando Solar Bears : 2.
9:38 of 2nd period - Luke Glendening wins face-off versus Philip Tomasino in neutral zone.
10:06 of 2nd period - Minor Penalty to Carl Hagelin for High sticking.
10:07 of 2nd period - Jason Dickinson wins face-off versus Luke Glendening in Rock Island Raccoons zone.
10:12 of 2nd period - Slapshot by Jason Dickinson.
10:12 of 2nd period - Stopped by Braden Holtby without a rebound.
10:13 of 2nd period - Jason Dickinson wins face-off versus Luke Glendening in Rock Island Raccoons zone.
10:14 of 2nd period - Wrist shot by Jordan Martinook.
10:14 of 2nd period - Shot Blocked by Brendan Smith.
10:16 of 2nd period - Slapshot by Victor Soderstrom.
10:16 of 2nd period - Shot Blocked by Logan Stanley.
10:18 of 2nd period - Snap shot by Jordan Martinook.
10:18 of 2nd period - Shot Blocked by Logan Stanley.
10:20 of 2nd period - Wrist shot by Jason Dickinson.
10:20 of 2nd period - Stopped by Braden Holtby with a rebound.
10:22 of 2nd period - Snap shot by Jason Dickinson.
10:22 of 2nd period - Shot Misses the Net.
10:24 of 2nd period - Slapshot by Jarred Tinordi.
10:24 of 2nd period - Deflect By Luke Glendening.
10:24 of 2nd period - Stopped by Braden Holtby with a rebound.
10:26 of 2nd period - Snap shot by Jason Dickinson.
10:26 of 2nd period - Stopped by Braden Holtby without a rebound.
10:27 of 2nd period - Brian Boyle wins face-off versus Jason Dickinson in Rock Island Raccoons zone.
11:03 of 2nd period - Wrist shot by Valtteri Puustinen.
11:03 of 2nd period - Stopped by Braden Holtby without a rebound.
11:04 of 2nd period - Brian Boyle wins face-off versus Jason Dickinson in Rock Island Raccoons zone.
11:27 of 2nd period - Isaak Phillips is hit by Brian Boyle and loses puck.
11:48 of 2nd period - Morgan Frost is hit by Andrew Ladd and loses puck.
12:01 of 2nd period - Slapshot by Jason Dickinson.
12:01 of 2nd period - Shot Misses the Net.
12:03 of 2nd period - Slapshot by Isaak Phillips.
12:03 of 2nd period - Stopped by Braden Holtby with a rebound.
12:06 of 2nd period - Penalty to Carl Hagelin is over, Carl Hagelin is back on ice.
12:38 of 2nd period - Backhand shot by Luke Glendening.
12:38 of 2nd period - Deflect By Alex Barre-Boulet.
12:38 of 2nd period - Shot Misses the Net.
12:38 of 2nd period - Puck is out of play.
12:39 of 2nd period - Alex Barre-Boulet wins face-off versus Alex Turcotte in Orlando Solar Bears zone.
12:40 of 2nd period - Wrist shot by Luke Glendening.
12:40 of 2nd period - Stopped by Felix Sandstrom without a rebound.
12:41 of 2nd period - Morgan Frost wins face-off versus Alex Barre-Boulet in Orlando Solar Bears zone.
13:16 of 2nd period - Slapshot by Carl Hagelin.
13:16 of 2nd period - Shot Blocked by Isaak Phillips.
13:18 of 2nd period - Snap shot by Ryan Lindgren.
13:18 of 2nd period - Stopped by Felix Sandstrom with a rebound.
13:20 of 2nd period - Wrist shot by Drake Caggiula.
13:20 of 2nd period - Stopped by Felix Sandstrom with a rebound.
13:30 of 2nd period - Snap shot by Philip Tomasino.
13:30 of 2nd period - Shot Misses the Net.
13:32 of 2nd period - Snap shot by Linus Weissbach.
13:32 of 2nd period - Shot Blocked by Greg McKegg.
13:38 of 2nd period - Slapshot by Martin Pospisil.
13:38 of 2nd period - Shot Misses the Net.
14:31 of 2nd period - Nate Thompson is hit by Donovan Sebrango and loses puck.
14:52 of 2nd period - Snap shot by Philip Tomasino.
14:52 of 2nd period - Stopped by Braden Holtby with a rebound.
14:54 of 2nd period - Snap shot by Martin Pospisil.
14:54 of 2nd period - Shot Blocked by Gustav Lindstrom.
15:15 of 2nd period - Snap shot by Alex Turcotte.
15:15 of 2nd period - Stopped by Braden Holtby with a rebound.
15:31 of 2nd period - Sam Carrick is hit by Isaak Phillips and loses puck.
15:38 of 2nd period - Wrist shot by Morgan Frost.
15:38 of 2nd period - Shot Blocked by Jake Walman.
15:40 of 2nd period - Snap shot by Adam Beckman.
15:40 of 2nd period - Stopped by Braden Holtby without a rebound.
15:41 of 2nd period - Jason Dickinson wins face-off versus Brian Boyle in Rock Island Raccoons zone.
15:47 of 2nd period - Icing by Andrew Ladd.
15:48 of 2nd period - Jason Dickinson wins face-off versus Brian Boyle in Rock Island Raccoons zone.
16:14 of 2nd period - Off-side.
16:15 of 2nd period - Adam Beckman wins face-off versus Luke Glendening in neutral zone.
16:18 of 2nd period - Luke Glendening is hit by Jarred Tinordi and loses puck.
16:31 of 2nd period - Luke Glendening is hit by Jarred Tinordi and loses puck.
17:01 of 2nd period - Jarred Tinordi is hit by Brian Boyle and loses puck.
17:10 of 2nd period - Slapshot by Brian Boyle.
17:10 of 2nd period - Shot Hit the Post.
17:20 of 2nd period - Andrew Ladd is hit by Jordan Martinook and loses puck.
17:29 of 2nd period - Slapshot by Jason Dickinson.
17:29 of 2nd period - Shot Blocked by Jake Walman.
17:37 of 2nd period - Snap shot by Jason Dickinson.
17:37 of 2nd period - Stopped by Braden Holtby without a rebound.
17:38 of 2nd period - Morgan Frost wins face-off versus Luke Glendening in Rock Island Raccoons zone.
17:45 of 2nd period - Snap shot by Mathieu Perreault.
17:45 of 2nd period - Shot Blocked by Max Gildon.
17:47 of 2nd period - Snap shot by Brendan Smith.
17:47 of 2nd period - Shot Blocked by Morgan Frost.
17:49 of 2nd period - Wrist shot by Luke Glendening.
17:49 of 2nd period - Stopped by Felix Sandstrom without a rebound.
17:50 of 2nd period - Luke Glendening wins face-off versus Morgan Frost in Orlando Solar Bears zone.
17:57 of 2nd period - Slapshot by Luke Glendening.
17:57 of 2nd period - Stopped by Felix Sandstrom with a rebound.
18:44 of 2nd period - Jason Dickinson is hit by Logan Stanley and loses puck.
19:34 of 2nd period - Andrew Ladd is hit by Valtteri Puustinen and loses puck.
19:53 of 2nd period - Snap shot by Alex Turcotte.
19:53 of 2nd period - Shot Blocked by Andy Greene.
19:55 of 2nd period - Wrist shot by Jamieson Rees.
19:55 of 2nd period - Stopped by Braden Holtby without a rebound.
19:56 of 2nd period - Dryden Hunt wins face-off versus Jason Dickinson in Rock Island Raccoons zone.
19:56 of 2nd period - Dryden Hunt is hit by Jason Dickinson.
Goals for this period are 1 for Rock Island Raccoons vs 0 for Orlando Solar Bears.
Shots for this period are 11 for Rock Island Raccoons vs 13 for Orlando Solar Bears.
3rd period
0:01 of 3rd period - Morgan Frost wins face-off versus Luke Glendening in neutral zone.
0:04 of 3rd period - Mathieu Perreault is hit by Valtteri Puustinen and loses puck.
0:12 of 3rd period - Off-side.
0:13 of 3rd period - Filip Chytil wins face-off versus Morgan Frost in neutral zone.
0:28 of 3rd period - Snap shot by Morgan Frost.
0:28 of 3rd period - Stopped by Braden Holtby without a rebound.
0:29 of 3rd period - Jason Dickinson wins face-off versus Luke Glendening in Rock Island Raccoons zone.
0:36 of 3rd period - Wrist shot by Jason Dickinson.
0:36 of 3rd period - Shot Misses the Net.
0:38 of 3rd period - Wrist shot by Jason Dickinson.
0:38 of 3rd period - Stopped by Braden Holtby with a rebound.
0:40 of 3rd period - Snap shot by Jordan Martinook.
0:40 of 3rd period - Deflect By John Leonard.
0:40 of 3rd period - Goal by John Leonard - Rock Island Raccoons : 2 - Orlando Solar Bears : 3.
0:41 of 3rd period - Luke Glendening wins face-off versus Jason Dickinson in neutral zone.
0:52 of 3rd period - Snap shot by Jason Dickinson.
0:52 of 3rd period - Stopped by Braden Holtby with a rebound.
0:54 of 3rd period - Slapshot by Isaak Phillips.
0:54 of 3rd period - Deflect By John Leonard.
0:54 of 3rd period - Stopped by Braden Holtby without a rebound.
0:55 of 3rd period - Morgan Frost wins face-off versus Filip Chytil in Rock Island Raccoons zone.
1:20 of 3rd period - Carl Hagelin is hit by Philip Tomasino and loses puck.
1:29 of 3rd period - Snap shot by Andy Greene.
1:29 of 3rd period - Stopped by Felix Sandstrom with a rebound.
1:39 of 3rd period - Ryan Lindgren is hit by Donovan Sebrango and loses puck.
2:38 of 3rd period - Slapshot by Alex Turcotte.
2:38 of 3rd period - Stopped by Braden Holtby without a rebound.
2:39 of 3rd period - Brian Boyle wins face-off versus Jason Dickinson in Rock Island Raccoons zone.
3:04 of 3rd period - Valtteri Puustinen is hit by Mathieu Perreault and loses puck.
3:29 of 3rd period - Jett Woo is hit by Filip Chytil and loses puck.
4:01 of 3rd period - Emilio Pettersen is hit by Andrew Ladd and loses puck.
4:11 of 3rd period - Icing by Greg McKegg.
4:12 of 3rd period - Jason Dickinson wins face-off versus Brian Boyle in Rock Island Raccoons zone.
4:21 of 3rd period - Wrist shot by John Leonard.
4:21 of 3rd period - Shot Misses the Net.
4:23 of 3rd period - Slapshot by Jordan Martinook.
4:23 of 3rd period - Shot Misses the Net.
4:25 of 3rd period - Slapshot by Donovan Sebrango.
4:25 of 3rd period - Stopped by Braden Holtby with a rebound.
4:27 of 3rd period - Backhand shot by Donovan Sebrango.
4:27 of 3rd period - Shot Misses the Net.
4:39 of 3rd period - Snap shot by Andy Greene.
4:39 of 3rd period - Deflect By Drake Caggiula.
4:39 of 3rd period - Stopped by Felix Sandstrom without a rebound.
4:40 of 3rd period - Morgan Frost wins face-off versus Filip Chytil in Orlando Solar Bears zone.
4:40 of 3rd period - Morgan Frost is hit by Sam Carrick.
5:23 of 3rd period - Adam Beckman is hit by Brian Boyle and loses puck.
6:37 of 3rd period - Snap shot by Emilio Pettersen.
6:37 of 3rd period - Shot Misses the Net.
7:29 of 3rd period - Icing by Isaak Phillips.
7:30 of 3rd period - Brian Boyle wins face-off versus Philip Tomasino in Orlando Solar Bears zone.
7:33 of 3rd period - Slapshot by Brian Boyle.
7:33 of 3rd period - Shot Misses the Net.
8:20 of 3rd period - Slapshot by Andy Greene.
8:20 of 3rd period - Shot Misses the Net.
8:22 of 3rd period - Snap shot by Luke Glendening.
8:22 of 3rd period - Shot Blocked by Morgan Frost.
8:34 of 3rd period - Slapshot by Emilio Pettersen.
8:34 of 3rd period - Stopped by Braden Holtby with a rebound.
8:36 of 3rd period - Wrist shot by Jarred Tinordi.
8:36 of 3rd period - Stopped by Braden Holtby with a rebound.
9:08 of 3rd period - Minor Penalty to Ryan Lindgren for Tripping.
9:09 of 3rd period - Carl Hagelin wins face-off versus Jason Dickinson in Rock Island Raccoons zone.
9:09 of 3rd period - Carl Hagelin is hit by Max Gildon.
9:21 of 3rd period - Snap shot by Carl Hagelin.
9:21 of 3rd period - Stopped by Felix Sandstrom with a rebound.
9:26 of 3rd period - Icing by Isaak Phillips.
9:27 of 3rd period - Mathieu Perreault wins face-off versus Jason Dickinson in Orlando Solar Bears zone.
9:30 of 3rd period - Snap shot by Luke Glendening.
9:30 of 3rd period - Stopped by Felix Sandstrom with a rebound.
9:54 of 3rd period - Jordan Martinook is hit by Andrew Ladd.
9:58 of 3rd period - Wrist shot by Carl Hagelin.
9:58 of 3rd period - Stopped by Felix Sandstrom without a rebound.
9:59 of 3rd period - Morgan Frost wins face-off versus Carl Hagelin in Orlando Solar Bears zone.
10:04 of 3rd period - Andy Greene is hit by Morgan Frost and loses puck.
10:11 of 3rd period - Snap shot by Valtteri Puustinen.
10:11 of 3rd period - Shot Misses the Net.
10:13 of 3rd period - Slapshot by Victor Soderstrom.
10:13 of 3rd period - Deflect By Morgan Frost.
10:13 of 3rd period - Shot Blocked by Gustav Lindstrom.
10:13 of 3rd period - Puck is out of play.
10:14 of 3rd period - Luke Glendening wins face-off versus Jason Dickinson in Rock Island Raccoons zone.
10:39 of 3rd period - Luke Glendening is hit by Jarred Tinordi and loses puck.
11:08 of 3rd period - Penalty to Ryan Lindgren is over, Ryan Lindgren is back on ice.
11:16 of 3rd period - Wrist shot by Mathieu Perreault.
11:16 of 3rd period - Stopped by Felix Sandstrom without a rebound.
11:17 of 3rd period - Philip Tomasino wins face-off versus Filip Chytil in Orlando Solar Bears zone.
11:42 of 3rd period - Jake Walman is hit by Jordan Martinook and loses puck.
11:49 of 3rd period - Backhand shot by Brian Boyle.
11:49 of 3rd period - Shot Misses the Net.
11:51 of 3rd period - Slapshot by Brian Boyle.
11:51 of 3rd period - Deflect By Victor Soderstrom.
11:51 of 3rd period - Stopped by Felix Sandstrom without a rebound.
11:52 of 3rd period - Luke Glendening wins face-off versus Morgan Frost in Orlando Solar Bears zone.
12:04 of 3rd period - Valtteri Puustinen and Mathieu Perreault fight to a draw.
12:04 of 3rd period - Penalty to Valtteri Puustinen for Fighting.
12:04 of 3rd period - Penalty to Mathieu Perreault for Fighting.
12:05 of 3rd period - Jason Dickinson wins face-off versus Luke Glendening in Orlando Solar Bears zone.
13:16 of 3rd period - Slapshot by Nate Thompson.
13:16 of 3rd period - Shot Blocked by Alex Turcotte.
13:20 of 3rd period - Snap shot by Alex Barre-Boulet.
13:20 of 3rd period - Stopped by Felix Sandstrom with a rebound.
13:30 of 3rd period - Luke Glendening is hit by Jordan Martinook and loses puck.
13:37 of 3rd period - Brendan Smith is hit by John Leonard and loses puck.
14:11 of 3rd period - Jarred Tinordi is hit by Gustav Lindstrom and loses puck.
14:16 of 3rd period - Wrist shot by Brian Boyle.
14:16 of 3rd period - Shot Misses the Net.
14:18 of 3rd period - Snap shot by Andrew Ladd.
14:18 of 3rd period - Shot Misses the Net.
14:20 of 3rd period - Slapshot by Andy Greene.
14:20 of 3rd period - Shot Misses the Net.
14:44 of 3rd period - Slapshot by Andy Greene.
14:44 of 3rd period - Stopped by Felix Sandstrom without a rebound.
14:45 of 3rd period - Filip Chytil wins face-off versus Jason Dickinson in Orlando Solar Bears zone.
14:58 of 3rd period - Snap shot by Filip Chytil.
14:58 of 3rd period - Shot Blocked by Jordan Martinook.
15:23 of 3rd period - Wrist shot by Sam Carrick.
15:23 of 3rd period - Deflect By Victor Soderstrom.
15:23 of 3rd period - Shot Misses the Net.
15:23 of 3rd period - Puck is out of play.
15:24 of 3rd period - Philip Tomasino wins face-off versus Brian Boyle in Orlando Solar Bears zone.
15:31 of 3rd period - Snap shot by Andy Greene.
15:31 of 3rd period - Stopped by Felix Sandstrom with a rebound.
15:33 of 3rd period - Wrist shot by Ryan Lindgren.
15:33 of 3rd period - Deflect By Greg McKegg.
15:33 of 3rd period - Stopped by Felix Sandstrom with a rebound.
15:35 of 3rd period - Slapshot by Ryan Lindgren.
15:35 of 3rd period - Stopped by Felix Sandstrom without a rebound.
15:36 of 3rd period - Sam Carrick wins face-off versus Philip Tomasino in Orlando Solar Bears zone.
15:42 of 3rd period - Minor Penalty to Jarred Tinordi for Boarding.
15:43 of 3rd period - Luke Glendening wins face-off versus Jason Dickinson in Orlando Solar Bears zone.
15:47 of 3rd period - Snap shot by Alex Barre-Boulet.
15:47 of 3rd period - Stopped by Felix Sandstrom without a rebound.
15:48 of 3rd period - Luke Glendening wins face-off versus Jason Dickinson in Orlando Solar Bears zone.
15:59 of 3rd period - Wrist shot by Luke Glendening.
15:59 of 3rd period - Shot Misses the Net.
16:01 of 3rd period - Slapshot by Luke Glendening.
16:01 of 3rd period - Goal by Luke Glendening - Rock Island Raccoons : 3 - Orlando Solar Bears : 3.
16:02 of 3rd period - Alex Barre-Boulet wins face-off versus Alex Turcotte in neutral zone.
16:04 of 3rd period - Off-side.
16:05 of 3rd period - Alex Turcotte wins face-off versus Alex Barre-Boulet in neutral zone.
16:12 of 3rd period - Wrist shot by Jamieson Rees.
16:12 of 3rd period - Stopped by Braden Holtby with a rebound.
16:16 of 3rd period - Snap shot by Alex Turcotte.
16:16 of 3rd period - Shot Misses the Net.
16:18 of 3rd period - Snap shot by Emilio Pettersen.
16:18 of 3rd period - Shot Misses the Net.
16:20 of 3rd period - Snap shot by Jamieson Rees.
16:20 of 3rd period - Shot Misses the Net.
17:01 of 3rd period - Wrist shot by Andrew Ladd.
17:01 of 3rd period - Shot Blocked by Linus Weissbach.
17:03 of 3rd period - Backhand shot by Greg McKegg.
17:03 of 3rd period - Shot Blocked by Jarred Tinordi.
17:17 of 3rd period - Off-side.
17:18 of 3rd period - Morgan Frost wins face-off versus Carl Hagelin in neutral zone.
17:37 of 3rd period - Minor Penalty to Logan Stanley for Roughing.
17:38 of 3rd period - Jason Dickinson wins face-off versus Luke Glendening in Rock Island Raccoons zone.
19:24 of 3rd period - Adam Beckman is hit by Brendan Smith and loses puck.
19:37 of 3rd period - Penalty to Logan Stanley is over, Logan Stanley is back on ice.
19:45 of 3rd period - Slapshot by Logan Stanley.
19:45 of 3rd period - Shot Misses the Net.
Goals for this period are 1 for Rock Island Raccoons vs 1 for Orlando Solar Bears.
Shots for this period are 14 for Rock Island Raccoons vs 10 for Orlando Solar Bears.
Overtime #1
0:01 of 1st overtime period - Jason Dickinson wins face-off versus Carl Hagelin in neutral zone.
0:04 of 1st overtime period - Logan Stanley is hit by Morgan Frost and loses puck.
0:15 of 1st overtime period - Slapshot by Jason Dickinson.
0:15 of 1st overtime period - Deflect By Andrew Ladd.
0:15 of 1st overtime period - Stopped by Braden Holtby with a rebound.
0:42 of 1st overtime period - Slapshot by Jordan Martinook.
0:42 of 1st overtime period - Stopped by Braden Holtby without a rebound.
0:43 of 1st overtime period - Carl Hagelin wins face-off versus Philip Tomasino in Rock Island Raccoons zone.
0:50 of 1st overtime period - Philip Tomasino is hit by Andy Greene and loses puck.
1:10 of 1st overtime period - Off-side.
1:11 of 1st overtime period - Jason Dickinson wins face-off versus Luke Glendening in neutral zone.
1:14 of 1st overtime period - Slapshot by Donovan Sebrango.
1:14 of 1st overtime period - Shot Blocked by Logan Stanley.
1:16 of 1st overtime period - Slapshot by Isaak Phillips.
1:16 of 1st overtime period - Shot Misses the Net.
1:18 of 1st overtime period - Snap shot by Isaak Phillips.
1:18 of 1st overtime period - Stopped by Braden Holtby without a rebound.
1:19 of 1st overtime period - Jason Dickinson wins face-off versus Carl Hagelin in Rock Island Raccoons zone.
1:54 of 1st overtime period - Wrist shot by Luke Glendening.
1:54 of 1st overtime period - Deflect By Morgan Frost.
1:54 of 1st overtime period - Shot Misses the Net.
1:54 of 1st overtime period - Puck is out of play.
1:55 of 1st overtime period - Morgan Frost wins face-off versus Carl Hagelin in Orlando Solar Bears zone.
2:08 of 1st overtime period - Wrist shot by Luke Glendening.
2:08 of 1st overtime period - Deflect By Mathieu Perreault.
2:08 of 1st overtime period - Shot Misses the Net.
2:08 of 1st overtime period - Puck is out of play.
2:09 of 1st overtime period - Philip Tomasino wins face-off versus Luke Glendening in Orlando Solar Bears zone.
2:09 of 1st overtime period - Philip Tomasino is hit by Ryan Lindgren.
2:17 of 1st overtime period - Wrist shot by Philip Tomasino.
2:17 of 1st overtime period - Goal by Philip Tomasino - Rock Island Raccoons : 3 - Orlando Solar Bears : 4.
Goals for this period are 0 for Rock Island Raccoons vs 1 for Orlando Solar Bears.
Shots for this period are 0 for Rock Island Raccoons vs 4 for Orlando Solar Bears.
Back to the Top